 Dungeon Crawl Stone Soup version 0.30-a0-782-ge64f9170bb (webtiles) character file.

Game seed: 6895720731874490053

609484 Ijustatesigmund the Bludgeoner (level 27, -3/186 HPs)
             Began as a Gargoyle Fighter on Feb 23, 2023.
             Was an Elder of Ashenzari.
             Killed by divine providence
             ... invoked by a royal mummy
              (15 damage)
             ... on level 1 of the Tomb of the Ancients on Feb 24, 2023.
             The game lasted 04:14:27 (90969 turns).

Ijustatesigmund the Bludgeoner (Gargoyle Fighter)  Turns: 90969, Time: 04:14:27

Health: -3/186     AC: 49    Str: 28    XL:     27
Magic:  4/48       EV: 18    Int: 26    God:    Ashenzari [****..]
Gold:   5261       SH: 23    Dex: 18    Spells: 7/60 levels left

rFire   . . .      SeeInvis +    a - +9 morningstar of Ashenzari's Relativism {flame, Self, Melee} (curse)
rCold   + + +      Faith    .    S - +1 kite shield "Cursed With Me" {Bglg, Cun} (curse)
rNeg    + + +      Spirit   .    j - +4 faerie dragon scales {rC+ rN+ rCorr HP-2}
rPois   ∞          Reflect  +    x - +2 helmet {Int+3}
rElec   +          Harm     .    Q - +2 cloak
rCorr   +          Rampage  .    n - +1 pair of gloves "Enigmatic Lethargy" {Self, Elem} (curse)
Will    ++...      Clarity  +    V - +2 pair of boots of the Profound Negation {rC+ Int+6, Fort, Bglg} (curse)
Stlth   +++++                    s - amulet of the Lashed Empyrean {Reflect SH+5, Self, Range} (curse)
HPRegen 0.51/turn                e - ring of Rongaor {rC+ Str+6 Int-2 Dex+7}
MPRegen 0.31/turn                X - ring "Cryptic Sorrow" {Wiz rN+, Self, Comp} (curse)

@: mighty, flying, hasted and slowed, studying Polearms, invisible
A: sickness immunity, AC +20, big wings, negative energy resistance 1,
electricity resistance, torment resistance 1, petrification resistance, large
bone plates 1, high MP 1, evolution 1, sturdy frame 1
}: 4/15 runes: decaying, slimy, silver, gossamer
a: Renounce Religion, Curse Item, Shatter the Chains


You were on level 1 of the Tomb of the Ancients.
You worshipped Ashenzari.
Ashenzari was greatly pleased with you.
You visited 14 branches of the dungeon, and saw 54 of its levels.
You visited the Abyss 1 time.
You also visited: Gauntlet and Ice Cave.

You collected 7341 gold pieces.
You spent 2080 gold pieces at shops.

Inventory:

Hand Weapons
 a - the cursed +9 morningstar of Ashenzari's Relativism (weapon) {flame, Self, Melee}
   (You took it off a wight on level 6 of the Dungeon)

   It has a curse which improves the following skills: Introspection: Fighting
   and Spellcasting.
   Melee Combat: Short Blades, Long Blades, Axes, Maces & Flails, Polearms,
   Staves and Unarmed Combat.
 k - a +6 demon whip of electrocution
Missiles
 g - 10 throwing nets (quivered)
Armour
 j - the +4 faerie dragon scales (worn) {rC+ rN+ rCorr HP-2}
   (You took it off the Enchantress on level 3 of the Depths)

   rC:        It protects you from cold.
   rN:        It protects you from negative energy.
   HP:        It affects your health (-2).
   rCorr:     It protects you from acid and corrosion.
 n - the cursed +1 pair of gloves "Enigmatic Lethargy" (worn) {Self, Elem}
   (You found it on level 3 of the Dungeon)

   It has a curse which improves the following skills: Introspection: Fighting
   and Spellcasting.
   Elements:  Fire Magic, Ice Magic, Air Magic and Earth Magic.
 x - a +2 helmet of intelligence (worn)
 H - the +5 robe of Night {Dark Will+ SInv}
   (You found it on level 8 of the Dungeon)

   Dark:      It shrouds the wearer in darkness, reducing the range at which
   they can see and be seen by others.
   SInv:      It lets you see invisible.
   Will:      It increases your willpower.
 Q - a +2 cloak (worn)
 R - a +2 pair of gloves
 S - the cursed +1 kite shield "Cursed With Me" (worn) {Bglg, Cun}
   (You took it off a tengu warrior on level 12 of the Dungeon)

   It has a curse which improves the following skills: Beguiling: Conjurations,
   Hexes and Translocations.
   Cunning:   Dodging and Stealth.
 V - the cursed +2 pair of boots of the Profound Negation (worn) {rC+ Int+6, Fort, Bglg}
   (You found it in a Gauntlet)

   Int:       It affects your intelligence (+6).
   rC:        It protects you from cold.
   It has a curse which improves the following skills: Fortitude: Armour and
   Shields.
   Beguiling: Conjurations, Hexes and Translocations.
Jewellery
 e - the ring of Rongaor (left hand) {rC+ Str+6 Int-2 Dex+7}
   (You found it on level 4 of the Swamp)

   [ring of strength]

   Str:       It affects your strength (+6).
   Int:       It affects your intelligence (-2).
   Dex:       It affects your dexterity (+7).
   rC:        It protects you from cold.
 s - the cursed amulet of the Lashed Empyrean (around neck) {Reflect SH+5, Self, Range}
   (You found it on level 5 of the Dungeon)

   [amulet of reflection]

   It reflects blocked missile attacks.
   SH:        It affects your SH (+5).
   It has a curse which improves the following skills: Introspection: Fighting
   and Spellcasting.
   Ranged Combat: Ranged Weapons and Throwing.
 v - the ring of Pevotil {rF+ rN++ Str+6 Int-3 Slay+3}
   (You took it off a deep elf sorcerer on level 3 of the Elven Halls)

   [ring of strength]

   Str:       It affects your strength (+6).
   Int:       It affects your intelligence (-3).
   Slay:      It affects your accuracy & damage with ranged weapons and melee
   (+3).
   rF:        It protects you from fire.
   rN:        It greatly protects you from negative energy.
 K - the ring of the Hare {EV+10}
   (You took it off a deep elf pyromancer on level 3 of the Elven Halls)

   [ring of evasion]

   EV:        It affects your evasion (+10).
 X - the cursed ring "Cryptic Sorrow" (right hand) {Wiz rN+, Self, Comp}
   (You found it in a Gauntlet)

   [ring of wizardry]

   It improves your spell success rate.
   rN:        It protects you from negative energy.
   It has a curse which improves the following skills: Introspection: Fighting
   and Spellcasting.
   Companions: Summonings and Necromancy.
Wands
 b - a wand of light (18)
 l - a wand of flame (76)
 w - a wand of paralysis (32)
 y - a wand of polymorph (30)
 P - a wand of roots (11)
 W - a wand of digging (20)
 Z - a wand of mindburst (13)
Scrolls
 c - 6 scrolls of silence
 u - 6 scrolls of fog
 z - 6 scrolls of brand weapon
 A - a scroll of enchant armour
 C - 7 scrolls of immolation
 E - 5 scrolls of magic mapping
 F - 5 scrolls of poison
 I - 9 scrolls of amnesia
 J - 3 scrolls of torment
 N - 3 scrolls of teleportation
 O - a scroll of butterflies
Potions
 d - 6 potions of might
 f - 12 potions of lignification
 h - 3 potions of berserk rage
 i - 22 potions of curing
 m - 6 potions of ambrosia
 o - 2 potions of magic
 p - 10 potions of brilliance
 r - 5 potions of cancellation
 t - 3 potions of attraction
 B - 2 potions of invisibility
 D - 5 potions of haste
 T - 3 potions of mutation
 U - 8 potions of resistance
Miscellaneous
 L - a condenser vane (inert)
 M - a lightning rod (4/4)
 Y - a phantom mirror


   Skills:
 - Level 19.0(23.5) Fighting
 - Level 20.8(22.5) Maces & Flails
 - Level 3.7(5.5) Throwing
 + Level 15.8(17.7) Armour
 - Level 10.0(11.9) Dodging
 - Level 10.9(12.8) Stealth
 - Level 10.9(12.8) Shields
 - Level 12.3(17.0) Spellcasting
 - Level 14.7(17.6) Conjurations
 - Level 14.1(15.9) Summonings
 - Level 11.5(13.4) Necromancy
 - Level 3.3(5.9) Translocations
 + Level 9.2(11.2) Fire Magic
 - Level 12.1(14.0) Ice Magic
 - Level 7.8(9.8) Air Magic
 - Level 15.5(17.4) Earth Magic
 - Level 7.9 Evocations


You had 7 spell levels left.
You knew the following spells:

 Your Spells              Type           Power      Damage    Failure   Level
a - Frozen Ramparts       Ice            100%       1d16      1%          3
b - Simulacrum            Ice/Necr       38%        N/A       1%          6
c - Iron Shot             Conj/Erth      42%        9d8       1%          6
d - Blink                 Tloc           100%       N/A       1%          2
e - Spellforged Servitor  Conj/Summ      41%        N/A       1%          7
f - Orb of Destruction    Conj           42%        9d12      1%          7
g - Dispel Undead         Necr           75%        3d25      1%          4
h - Fireball              Conj/Fire      38%        3d16      1%          5
i - Freezing Cloud        Conj/Ice/Air   38%        6-21      1%          5
j - Lehudib's Crystal Sp  Conj/Erth      42%        10d10     9%          8

Your spell library contained the following spells:

 Spells                   Type           Power      Damage    Failure   Level
 Freeze                   Ice            100%       1d10      0%          1
 Kiss of Death            Conj/Necr      100%       2d13      0%          1
 Magic Dart               Conj           100%       1d8       0%          1
 Shock                    Conj/Air       100%       1d9       0%          1
 Call Imp                 Summ           81%        N/A       0%          2
 Call Canine Familiar     Summ           81%        N/A       0%          3
 Hailstorm                Conj/Ice       81%        3d16      0%          3
 Stone Arrow              Conj/Erth      100%       3d13      0%          3
 Beastly Appendage        Tmut           44%        N/A       1%          1
 Slow                     Hex            96%        N/A       1%          1
 Sting                    Tmut/Pois      88%        1d7       1%          1
 Lesser Beckoning         Tloc           100%       N/A       1%          2
 Passwall                 Tmut/Erth      50%        N/A       1%          2
 Poisonous Vapours        Pois/Air       94%        N/A       1%          2
 Scorch                   Fire           100%       2d10      1%          2
 Static Discharge         Conj/Air       100%       2-7/arc   1%          2
 Dazzling Flash           Conj/Hex       100%       N/A       1%          3
 Gell's Gravitas          Tloc           52%        N/A       1%          3
 Ignite Poison            Fire/Tmut/Pois 41%        N/A       1%          3
 Inner Flame              Hex/Fire       51%        N/A       1%          3
 Kindle Blastsparks       Fire/Tloc/Air  100%       2d18      1%          3
 Mephitic Cloud           Conj/Pois/Air  63%        N/A       1%          3
 Ozocubu's Armour         Ice            76%        N/A       1%          3
 Portal Projectile        Hex/Tloc       76%        N/A       1%          3
 Summon Guardian Golem    Hex/Summ       59%        N/A       1%          3
 Swiftness                Air            65%        N/A       1%          3
 Teleport Other           Tloc           52%        N/A       1%          3
 Vampiric Draining        Necr           75%        2d11      1%          3
 Vhi's Electric Charge    Tloc/Air       100%       N/A       1%          3
 Airstrike                Air            32%        2d(5-21)  1%          4
 Animate Armour           Summ/Erth      100%       N/A       1%          4
 Animate Dead             Necr           75%        N/A       1%          4
 Flame Wave               Conj/Fire      77%        2d17      1%          4
 Fulminant Prism          Conj/Hex       31%        3d15      1%          4
 Ice Form                 Ice/Tmut       56%        N/A       1%          4
 Iskenderun's Mystic Bla  Conj/Tloc      70%        2d14      1%          4
 Leda's Liquefaction      Hex/Erth       31%        N/A       1%          4
 Manifold Assault         Tloc           52%        N/A       1%          4
 Petrify                  Tmut/Erth      61%        N/A       1%          4
 Sticky Flame             Conj/Fire      77%        2d9       1%          4
 Summon Ice Beast         Ice/Summ       79%        N/A       1%          4
 Summon Lightning Spire   Summ/Air       73%        N/A       1%          4
 Agony                    Necr           75%        N/A       1%          5
 Arcjolt                  Conj/Air       38%        1d48      1%          5
 Iskenderun's Battlesphe  Conj           85%        2d13      1%          5
 Lee's Rapid Deconstruct  Erth           42%        3d21*     1%          5
 Lightning Bolt           Conj/Air       38%        1d56      1%          5
 Summon Forest            Summ/Tloc      34%        N/A       1%          5
 Summon Mana Viper        Hex/Summ       59%        N/A       1%          5
 Conjure Ball Lightning   Conj/Air       38%        3x3d12    1%          6
 Death Channel            Necr           37%        N/A       1%          6
 Starburst                Conj/Fire      38%        6d11      1%          6
 Summon Cactus Giant      Summ           40%        N/A       1%          6
 Wereblood                Tmut           22%        N/A       2%          2
 Metabolic Englaciation   Hex/Ice        28%        N/A       2%          5
 Monstrous Menagerie      Summ           40%        N/A       2%          7
 Confusing Touch          Hex            24%        N/A       4%          3
 Tukima's Dance           Hex            24%        N/A       4%          3
 Haunt                    Necr/Summ      39%        N/A       4%          7
 Ozocubu's Refrigeration  Ice            38%        4d15      4%          7
 Spider Form              Tmut/Pois      22%        N/A       6%          3
 Silence                  Hex/Air        24%        N/A       6%          5
 Cause Fear               Hex            12%        N/A       16%         4
 Olgreb's Toxic Radiance  Pois           22%        N/A       17%         4
 Malign Gateway           Summ/Tloc      34%        N/A       17%         7
 Dispersal                Tloc           26%        N/A       24%         6
 Alistair's Intoxication  Tmut/Pois      14%        N/A       43%         5
 Storm Form               Tmut/Air       23%        N/A       87%         7
 Eringya's Noxious Bog    Tmut/Pois      11%        N/A       93%         6
 Dragon Form              Tmut           11%        N/A       100%        7
 Summon Horrible Things   Summ           40%        N/A       17%         8
 Infestation              Necr           37%        N/A       41%         8
 Ignition                 Fire           34%        3d11      73%         8
 Maxwell's Capacitive Co  Air            32%        ∞         88%         8
 Dragon's Call            Summ           40%        N/A       92%         9
 Polar Vortex             Ice            38%        N/A       99%         9
 Discord                  Hex            12%        N/A       100%        8
 Disjunction              Tloc           26%        N/A       100%        8
 Cigotuvi's Dreadful Rot  Necr/Pois/Air  Unusable   N/A       N/A         2
 Statue Form              Tmut/Erth      Unusable   N/A       N/A         6

Dungeon Overview and Level Annotations

Branches:
Dungeon (15/15)            Temple (1/1) D:7            Lair (5/5) D:8
  Swamp (4/4) Lair:2       Spider (4/4) Lair:2        Slime (5/5) Lair:5
    Orc (2/2) D:11            Elf (3/3) Orc:2        Vaults (5/5) D:14
  Crypt (3/3) Vaults:3       Tomb (1/3) Crypt:3      Depths (4/4) D:15
   Hell (visited)             Dis (0/7) Hell            Geh (0/7) Hell
    Coc (0/7) Hell            Tar (0/7) Hell            Zot (1/5) Depths:4
  IceCv (visited)         Gauntlet (visited)

Altars:
Ashenzari
Cheibriados
Dithmenos
Elyvilon
Fedhas
Gozag
Hepliaklqana
Kikubaaqudgha
Makhleb
Nemelex Xobeh
Okawaru
Qazlal
Ru
Sif Muna
Trog
Uskayaw
Vehumet
Wu Jian
Xom
Yredelemnul
Zin
The Shining One
Jiyva
Lugonu

Shops:
D:2 =!:   Orc:2 (!(*   Elf:3 =   Vaults:2 [!   Vaults:3 [   Vaults:4 (

Portals:
Hell: Depths:1 Depths:2 Depths:3 Depths:4
Abyss: Lair:2 Lair:5 Crypt:1 Depths:3
Pandemonium: Depths:2
Ziggurat: Depths:2
Trove: Depths:1 (give 15 scrolls of teleportation)

Annotations:
Spider:1 2 transporters, exclusion: orange crystal statue
Elf:2 1 runed translucent door


Innate Abilities, Weirdness & Mutations

You are immune to sickness and miasma.
Your stone body is resilient. (AC +20)
You are immune to poison.
Your large and strong wings let you fly.
You resist negative energy. (rN+)
You are resistant to electric shocks. (rElec)
You are resistant to unholy torment.
You are immune to petrification.
You are partially covered in large bone plates. (SH +4)
You have an increased reservoir of magic. (+10% MP)
You have hidden genetic potential.
Your movements are slightly less encumbered by armour. (ER -2)


Message History

Something smites you!
* * * LOW HITPOINT WARNING * * *
The royal mummy casts a spell at you. Something smites you!
* * * LOW HITPOINT WARNING * * *
The royal mummy hits you.
* * * LOW HITPOINT WARNING * * *
The royal mummy hits your spellforged servitor!!
You feel much better.
The royal mummy calls on the powers of darkness!
Your body is wracked with pain!
* * * LOW HITPOINT WARNING * * *
The royal mummy calls on the powers of darkness!
Your body is wracked with pain!
* * * LOW HITPOINT WARNING * * *
The royal mummy hits your spellforged servitor!
You feel yourself speed up.
The royal mummy hits your spellforged servitor!!
You block the royal mummy's attack. The royal mummy barely misses you.
The royal mummy calls on the powers of darkness!
Your body is wracked with pain!
* * * LOW HITPOINT WARNING * * *
Okay, then.
You feel better. The royal mummy casts a spell at you. Something smites you!
* * * LOW HITPOINT WARNING * * *
The royal mummy points at you and mumbles some strange words.
Something smites you!
* * * LOW HITPOINT WARNING * * *
The royal mummy gestures wildly while chanting.
Clouds of freezing vapour condense around you!
The condenser dries out!
The death scarab is engulfed in freezing vapours. x4
The royal mummy is engulfed in freezing vapours.
The royal mummy hits your spellforged servitor!
The royal mummy is engulfed in freezing vapours.
The royal mummy casts a spell at you. Something smites you!
You die...

#.........#* ,* , , ,
#.........# ,* +, ,* ,,,,
#.........# * , ,, , ,
#.........#*,, ,* { * , ,
#.........## * ** ***,
#.........##. * ,, ^ , , ,
#.........##..############
*** *
#.........##...^§M§§B§....,
,
#.........##....@9MM§B....
,
#.........################
* * #.........#####* * **
** * * #.............. ∆, ,
, , ,, #..[..........., ,,∆
, , ,, , #..............,
,, ,, ,, , ,
#.............. , , ,, , ,,
#<............., ,,, , , ,
###############* ** * * **
**


You could see 3 royal mummies, 2 death scarabs and a friendly spellforged
servitor (summoned).

Vanquished Creatures
  the Royal Jelly (Slime:5)
  A dread lich (Abyss:3)
  An ancient lich (Vaults:4)
  Sojobo (Vaults:4)
  A shard shrike (IceCv)
  Margery (Depths:4)
  2 golden dragons
  A profane servitor (Abyss:3)
  Nikola (Swamp:2)
  the Enchantress (Depths:3)
  The ghost of Quini the Spry, an adept DjFE of Elyvilon (Vaults:4)
  A shard shrike zombie (Crypt:3)
  5 tentacled monstrosities
  A shard shrike skeleton (Crypt:3)
  3 liches
  2 deep elf master archers (Elf:3)
  A deep elf blademaster (Elf:3)
  8 titans
  6 sphinxes
  7 tengu reavers
  3 ancient champions
  Kirke (D:15)
  14 acid blobs
  A tentacled starspawn (Abyss:3)
  Murray (Depths:4)
  5 storm dragons
  3 shadow dragons
  3 thorn hunters
  A fenstrider witch (Swamp:3)
  4 revenants
  Donald (Spider:4)
  14 fire giants
  Roxanne (Spider:4)
  5 azure jellies
  5 rockslimes (Slime:5)
  4 frost giants
  6 emperor scorpions (Spider:4)
  4 iron dragons
  5 deep elf sorcerers
  4 ghost moths
  14 vault wardens
  Aizul (Spider:3)
  A caustic shrike zombie (Crypt:3)
  3 spectral caustic shrikes
  A draconian shifter (Depths:4)
  7 deep elf elementalists
  A curse skull (Crypt:3)
  10 stone giants
  2 ghouls (Crypt:2)
  A war gargoyle (Vaults:4)
  3 spriggan defenders
  16 ironbound preservers
  11 quicksilver oozes
  2 broodmothers
  An orc warlord (Orc:2)
  26 very ugly things
  A caustic shrike skeleton (D:15)
  6 ironbound thunderhulks
  7 eleionomae
  7 vampire knights
  2 green draconians (Swamp:3)
  4 deep elf demonologists
  3 deep elf annihilators
  The ghost of Errthou the Severer, a journeyman MiFi of Gozag (Lair:2)
  A yellow draconian (Depths:4)
  A purple draconian (Depths:4)
  2 white draconians
  4 bunyips
  A minotaur (Gauntlet)
  A spectral titan (Crypt:3)
  7 dire elephants
  3 spark wasps
  A green death (Hell)
  6 deep elf death magi
  5 eidola
  2 blizzard demons
  9 fire dragons
  Josephine (D:12)
  14 ettins
  4 crystal guardians
  2 shambling mangroves
  2 deep elf high priests
  12 jiangshi
  4 great orbs of eyes
  11 yaktaur captains
  5 entropy weavers
  2 hell beasts
  4 peacekeepers
  2 rakshasas (Depths:3)
  A hydra (shapeshifter) (D:14)
  4 ice dragons
  The ghost of Forip Xumo the Thaumaturge, a journeyman NaIE of Vehumet (D:12)
  2 spriggan zombies
  29 vault guards
  3 ogre magi
  9 ironbound frosthearts
  2 fenstrider witch zombies (Crypt:3)
  4 radroaches (Spider:3)
  4 spriggan air magi
  5 boulder beetles
  5 ghost crabs
  17 hydras
  9 alligators
  2 spriggan skeletons
  2 deep troll shamans
  2 catoblepae
  8 two-headed ogres
  A jorogumo (Spider:2)
  2 death knights
  23 centaur warriors
  16 dancing weapons
  5 deep troll earth magi
  An Orb Guardian skeleton (Crypt:3)
  4 tengu warriors
  A spectral dire elephant (Crypt:3)
  9 vampire magi
  3 death yaks (Lair:5)
  Urug (D:10)
  2 titan zombies
  An orc high priest (Orc:2)
  5 thrashing horrors
  5 spriggan berserkers
  2 storm dragon zombies
  3 sun demons (Hell)
  2 soul eaters
  19 hell knights
  7 large abominations
  Sonja (Lair:3)
  22 deep elf knights
  5 iron trolls
  3 wretched stars (Abyss:3)
  A titan skeleton (Crypt:1)
  A fire crab (shapeshifter) (Depths:1)
  16 shadow wraiths
  A bunyip zombie (Crypt:1)
  8 goliath frogs
  27 skeletal warriors
  A spectral bunyip (Crypt:3)
  2 sun moths
  6 pharaoh ants
  A spectral anaconda (Crypt:3)
  4 spriggan druids
  A swamp dragon (shapeshifter) (Vaults:2)
  2 skysharks (Lair:2)
  2 skysharks (shapeshifter)
  14 orb spiders
  8 swamp dragons
  2 bog bodies
  44 deep trolls
  30 phantasmal warriors
  7 flayed ghosts
  17 ironbound convokers
  5 wizards
  5 lindwurms
  A shadow dragon zombie (Vaults:2)
  4 glowing orange brains
  2 orc knights
  6 steelbarb worms
  Pikel (D:6)
  11 deep elf archers
  29 deep elf pyromancers
  A jorogumo zombie (Crypt:1)
  A tengu zombie (Vaults:2)
  A faun (shapeshifter) (D:13)
  An orange crystal statue (IceCv)
  5 harpies (Vaults:1)
  13 necromancers
  2 iron dragon zombies
  44 ugly things
  3 fire giant zombies
  29 deep elf zephyrmancers
  24 wolf spiders
  2 manticores
  6 orc sorcerers
  2 frost giant zombies
  36 elephants
  6 shining eyes
  Maurice (D:8)
  8 moths of wrath
  2 sphinx skeletons
  2 worldbinders
  3 will-o-the-wisps (Swamp:2)
  A black mamba (shapeshifter) (D:12)
  A fire giant skeleton (Depths:1)
  An elf zombie (Vaults:2)
  An ice statue (Elf:1)
  11 vault sentinels
  3 black mambas
  A dire elephant zombie (Crypt:2)
  10 demonic crawlers
  4 smoke demons
  4 cyclopes
  3 rust devils
  A centaur zombie (Hell)
  An eye of devastation (shapeshifter) (Depths:2)
  3 molten gargoyles
  4 cane toads
  A gargoyle (Gauntlet)
  6 eyes of devastation
  A titan simulacrum (Crypt:1)
  18 rime drakes
  A grey draconian zombie (Crypt:2)
  5 hellions
  2 unseen horrors
  4 torpor snails
  A komodo dragon (shapeshifter) (D:13)
  23 yaktaurs
  A yaktaur zombie (Vaults:2)
  6 freezing wraiths
  A bunyip simulacrum (Crypt:3)
  A human zombie (Vaults:2)
  3 guardian mummies (Tomb:1)
  3 komodo dragons
  A tormentor (Depths:2)
  A merfolk (shapeshifter) (Vaults:1)
  3 ice devils
  3 tengu conjurers
  4 ancient zymes
  A meliai (shapeshifter) (Depths:4)
  A red devil (Hell)
  11 trolls
  13 tyrant leeches
  16 polar bears
  2 harpy skeletons
  2 hellwings
  A queen bee (Gauntlet)
  2 tarantellas (shapeshifter)
  13 hornets
  31 tarantellas
  A fire dragon zombie (Crypt:3)
  21 blink frogs
  20 raiju (Abyss:3)
  4 dream sheep (D:8)
  A fire giant simulacrum (Depths:1)
  An ice dragon skeleton (Crypt:3)
  A stone giant simulacrum (Vaults:2)
  A centaur simulacrum (Crypt:3)
  2 ettin skeletons
  9 flying skulls
  2 air elementals
  29 culicivoras
  28 jumping spiders
  75 slime creatures
  A jumping spider (shapeshifter) (Vaults:5)
  7 shadows
  A vampire (D:11)
  14 wraiths
  8 spriggans
  2 black mamba skeletons
  51 yaks
  4 ynoxinuls
  9 wyverns
  3 nameless horrors
  A black mamba zombie (Crypt:2)
  58 redbacks
  A steam dragon (D:9)
  2 fire elementals (Elf:1)
  5 hogs (D:15)
  Eustachio (D:4)
  6 golden eyes (Slime:1)
  A neqoxec (Abyss:3)
  An unseen horror simulacrum (D:8)
  2 ushabtiu (Tomb:1)
  4 basilisks
  6 chaos spawn
  A spriggan simulacrum (Depths:1)
  22 vampire mosquitoes
  6 swamp worms
  8 wargs
  A glowing shapeshifter zombie (Vaults:2)
  5 acid dragons
  2 harpy simulacra
  An ogre skeleton (Vaults:2)
  9 water moccasins
  4 floating eyes
  11 hell hounds
  29 orc warriors
  A demonspawn skeleton (Crypt:1)
  A glowing shapeshifter skeleton (Depths:3)
  A faun skeleton (Crypt:2)
  5 ice beasts
  3 swamp drakes (Swamp:3)
  2 sky beasts
  A black bear (D:8)
  2 black bears (shapeshifter)
  15 wolves
  7 ogres
  3 boggarts (Vaults:1)
  16 centaurs
  A lemure (D:6)
  A rime drake zombie (Crypt:2)
  A phantom (D:6)
  A torpor snail zombie (Crypt:3)
  A kobold brigand (D:8)
  12 bullfrogs
  A komodo dragon zombie (Crypt:2)
  An elf skeleton (Crypt:3)
  5 scorpions
  3 gnoll sergeants
  2 human skeletons (Vaults:2)
  A komodo dragon skeleton (Crypt:1)
  2 necrophages
  3 earth elementals
  A warg zombie (Crypt:2)
  19 small abominations
  5 wights (D:6)
  A water moccasin skeleton (Crypt:1)
  A cyclops skeleton (Crypt:3)
  16 killer bees
  A warg skeleton (Crypt:1)
  A howler monkey (D:13)
  4 electric eels
  4 hounds
  18 jellies
  20 orc priests
  A bullfrog skeleton (Crypt:1)
  5 iron imps
  A basilisk skeleton (Crypt:3)
  4 iguanas
  26 orc wizards
  A scorpion zombie (Crypt:2)
  2 mummies (Tomb:1)
  10 adders
  18 gnolls
  3 white imps
  3 ufetubi
  An iguana skeleton (Crypt:2)
  3 worms
  A dart slug (D:3)
  71 orcs
  5 ball pythons
  6 endoplasms
  5 giant cockroaches
  5 goblins
  A hobgoblin (D:2)
  5 quokkas
  5 bats
  3 frilled lizards
  A giant cockroach zombie (Crypt:1)
  11 kobolds
  4 rats
  A starspawn tentacle (Abyss:3)
2169 creatures vanquished.

Vanquished Creatures (collateral kills)
  Frederick (Vaults:2)
  Xtahua (Crypt:3)
  A golden dragon (Depths:4)
  Geryon (Hell)
  A walking crystal tome (Depths:1)
  3 tentacled monstrosities
  A deep elf blademaster (Elf:3)
  5 acid blobs (Slime:5)
  A tentacled starspawn (Abyss:3)
  2 sphinxes (Tomb:1)
  5 shadow dragons
  A tengu reaver (Vaults:5)
  A storm dragon (Vaults:5)
  5 rockslimes
  2 revenants
  4 azure jellies
  2 fire giants (Vaults:5)
  A deep elf sorcerer (Vaults:5)
  3 frost giants
  A vault warden (Vaults:4)
  A spectral caustic shrike (Depths:1)
  An ironbound preserver (Vaults:3)
  A reaper (Hell)
  2 ironbound thunderhulks
  3 quicksilver oozes (Slime:5)
  3 stone giants
  8 very ugly things
  A vampire knight (Depths:2)
  2 eleionomae
  3 deep elf demonologists
  5 deep elf annihilators
  4 dire elephants
  A bunyip (Swamp:4)
  A white draconian (Depths:4)
  A spark wasp (Depths:2)
  3 deep elf death magi
  A jiangshi (Crypt:2)
  2 ettins
  An iron golem (Hell)
  A shambling mangrove (Swamp:4)
  An ice dragon (Depths:4)
  A spriggan zombie (Tomb:1)
  A deep elf high priest (Elf:3)
  A yaktaur captain (Vaults:2)
  A mummy priest (Tomb:1)
  2 entropy weavers
  A great orb of eyes (Vaults:4)
  2 hell beasts (Hell)
  2 rakshasas (Depths:1)
  A spriggan air mage (Depths:1)
  7 vault guards
  9 hydras
  A peacekeeper (Vaults:2)
  3 ironbound frosthearts
  2 ogre magi (Vaults:5)
  6 dancing weapons (Elf:2)
  A boulder beetle (Vaults:2)
  5 deep troll shamans
  3 deep troll earth magi
  2 spriggan berserkers (Depths:4)
  2 emperor scorpion zombies
  2 vampire magi
  3 hell knights
  A sun demon (Hell)
  3 deep elf knights
  2 wretched stars (Abyss:3)
  A large abomination (Abyss:3)
  2 iron trolls
  4 skeletal warriors
  A spatial maelstrom (Abyss:3)
  A shadow wraith (Crypt:3)
  3 bog bodies (Swamp:4)
  17 deep trolls
  4 deep elf archers
  9 swamp dragons (Swamp:4)
  4 ironbound convokers
  4 phantasmal warriors (Crypt:3)
  2 wizards (Vaults:3)
  3 deep elf pyromancers
  2 necromancers
  6 deep elf zephyrmancers
  A will-o-the-wisp (Abyss:3)
  2 shining eyes
  7 ugly things
  6 smoke demons
  5 vault sentinels
  3 molten gargoyles (Hell)
  A rust devil (Hell)
  An eye of devastation (Slime:5)
  7 yaktaurs
  5 rime drakes (IceCv)
  A black draconian zombie (Crypt:3)
  2 guardian mummies (Tomb:1)
  A red devil (Crypt:1)
  A polar bear (IceCv)
  A raiju (Abyss:3)
  4 hornets
  5 flying skulls
  8 slime creatures
  A shadow (Crypt:3)
  2 water elementals
  A ynoxinul (Abyss:3)
  6 spriggans
  An air elemental (Elf:3)
  A wraith (Crypt:3)
  A spatial vortex (Abyss:3)
  2 redbacks (Vaults:4)
  A naga zombie (Crypt:3)
  A swamp worm (Swamp:4)
  3 hell hounds (Hell)
  3 swamp drakes (Swamp:4)
  An earth elemental (Elf:3)
  A mummy (Tomb:1)
  2 starspawn tentacles (Abyss:3)
303 creatures vanquished.

Vanquished Creatures (others)
  A quicksilver ooze (Slime:5)
  A spriggan air mage (Depths:4)
  3 deep elf knights (Elf:2)
  A goliath frog (Swamp:2)
  A nameless horror (Elf:2)
  A deep elf pyromancer (Elf:1)
  2 steelbarb worms (Spider:3)
  2 deep elf zephyrmancers (Elf:2)
  2 bloated husks
  A tarantella (Spider:3)
  A tyrant leech (Spider:3)
  A hornet (Swamp:4)
  A chaos spawn (Abyss:3)
  A swamp worm (Swamp:4)
  An orc wizard (Orc:2)
  An orc (Orc:1)
  5 briar patches (Depths:3)
  19 foxfires
  7 fungi
  52 plants
  4 starspawn tentacles (Abyss:3)
  7 withered plants (D:15)
115 creatures vanquished.

Grand Total: 2587 creatures vanquished

Notes
Turn   | Place    | Note
-------+----------+-------------------------------------------
     0 | D:1      | Ijustatesigmund the Gargoyle Fighter began the quest for
                  | the Orb.
     0 | D:1      | Reached XP level 1. HP: 14/14 MP: 1/1
   199 | D:1      | Reached XP level 2. HP: 15/19 MP: 2/2
   490 | D:2      | Found Seshre Teav's Distillery.
   498 | D:2      | Bought a potion of curing for 33 gold pieces
   509 | D:2      | Reached XP level 3. HP: 24/24 MP: 3/3
   693 | D:2      | Reached XP level 4. HP: 27/29 MP: 4/4
   822 | D:2      | Found Heick's Book Emporium.
   882 | D:2      | Reached skill level 3 in Maces & Flails
  1058 | D:2      | Found Ejoil's Jewellery Shoppe.
  1476 | D:3      | Found a white marble altar of Elyvilon.
  1499 | D:3      | Found a hide-covered altar of Uskayaw.
  1554 | D:3      | Reached skill level 1 in Evocations
  1638 | D:3      | Reached XP level 5. HP: 31/33 MP: 5/5
  2064 | D:4      | Found a bloodstained altar of Trog.
  2105 | D:4      | Reached XP level 6. HP: 33/38 MP: 6/6
  2336 | D:4      | Noticed Eustachio
  2351 | D:4      | Killed Eustachio
  2352 | D:4      | Reached skill level 4 in Maces & Flails
  2352 | D:4      | Reached XP level 7. HP: 41/44 MP: 7/7
  2588 | D:5      | Entered Level 5 of the Dungeon
  2664 | D:5      | Found a shimmering blue altar of Sif Muna.
  2751 | D:5      | Reached skill level 5 in Fighting
  2751 | D:5      | Reached skill level 5 in Armour
  2977 | D:5      | Reached skill level 5 in Maces & Flails
  3437 | D:5      | Reached XP level 8. HP: 35/50 MP: 8/8
  3688 | D:5      | Found an ornate altar of the Wu Jian Council.
  3884 | D:6      | Reached skill level 6 in Maces & Flails
  3919 | D:6      | Noticed Pikel
  3941 | D:6      | Killed Pikel
  3942 | D:6      | Reached skill level 7 in Maces & Flails
  4147 | D:6      | Reached XP level 9. HP: 56/56 MP: 9/9
  4169 | D:6      | Reached skill level 1 in Dodging
  4599 | D:6      | Reached skill level 8 in Maces & Flails
  4645 | D:6      | Found a stormy altar of Qazlal.
  4890 | D:6      | Found a glowing silver altar of Zin.
  4977 | D:7      | Found a staircase to the Ecumenical Temple.
  4990 | Temple   | Entered the Ecumenical Temple
  4990 | Temple   | Found a transporter.
  4990 | Temple   | Found a transporter.
  4992 | Temple   | Found a transporter.
  4992 | Temple   | Found a transporter.
  5076 | D:7      | Found a sparkling altar of Nemelex Xobeh.
  5796 | D:8      | Noticed a two-headed ogre
  5805 | D:8      | Reached skill level 9 in Maces & Flails
  5805 | D:8      | Reached XP level 10. HP: 58/64 MP: 10/10
  5912 | D:8      | Found a sacrificial altar of Ru.
  6139 | D:8      | Reached skill level 10 in Maces & Flails
  6282 | D:8      | Found a staircase to the Lair.
  6298 | D:8      | Killed a two-headed ogre
  6372 | D:8      | Reached skill level 5 in Dodging
  6410 | D:8      | Noticed Maurice
  6429 | D:8      | Killed Maurice
  6430 | D:8      | Reached skill level 11 in Maces & Flails
  6430 | D:8      | Reached XP level 11. HP: 68/72 MP: 11/11
  6461 | D:8      | Found a basalt altar of Yredelemnul.
  6587 | D:8      | Reached skill level 10 in Fighting
  6589 | D:8      | Found the +5 robe of Night {Dark Will+ SInv}
  7060 | D:9      | Noticed a two-headed ogre
  7137 | D:8      | Killed a two-headed ogre
  7509 | D:9      | Reached skill level 12 in Maces & Flails
  8080 | D:9      | Noticed a centaur warrior
  8087 | D:9      | Killed a centaur warrior
  8268 | D:10     | Entered Level 10 of the Dungeon
  8773 | D:10     | Noticed Urug
  8792 | D:10     | Killed Urug
  9095 | D:10     | Found a broken altar of Ashenzari.
  9100 | D:10     | Became a worshipper of Ashenzari the Shackled
  9402 | D:11     | Noticed a two-headed ogre
  9411 | D:11     | Killed a two-headed ogre
  9412 | D:11     | Reached XP level 12. HP: 62/79 MP: 12/12
  9478 | D:11     | Found a staircase to the Orcish Mines.
  9545 | D:11     | Reached skill level 13 in Maces & Flails
  9621 | D:11     | Identified the +5 scale mail "Xeshy" {rElec Str+4 Int-5
                  | Dex+5}
  9666 | D:11     | Noticed a two-headed ogre
  9695 | D:11     | Killed a two-headed ogre
  9881 | D:11     | Identified the +8 chain mail of Mental Paralysis {rPois}
 10040 | D:11     | Found a blossoming altar of Fedhas.
 10131 | D:12     | Noticed a centaur warrior
 10138 | D:12     | Killed a centaur warrior
 10141 | D:12     | Found a transporter.
 10181 | D:12     | Found a transporter.
 10255 | D:12     | Noticed a tengu warrior
 10255 | D:12     | Noticed Forip Xumo's ghost (journeyman NaIE)
 10257 | D:12     | Noticed a two-headed ogre
 10382 | D:12     | Noticed Josephine
 10390 | D:12     | Killed Josephine
 10407 | D:12     | Noticed a tengu warrior
 10613 | D:12     | Noticed a two-headed ogre
 10619 | D:12     | Found a bloodstained altar of Trog.
 10624 | D:12     | Reached skill level 14 in Maces & Flails
 10787 | D:12     | Noticed a fire dragon
 10801 | D:12     | Killed a fire dragon
 10978 | D:12     | Reached * piety under Ashenzari
 10983 | D:12     | Learned a level 3 spell: Frozen Ramparts
 11019 | D:12     | Noticed a storm dragon
 11028 | D:12     | Killed a storm dragon
 11029 | D:12     | Reached skill level 1 in Fire Magic
 11038 | D:12     | Killed a tengu warrior
 11042 | D:12     | Reached XP level 13. HP: 44/86 MP: 13/13
 11146 | D:12     | Reached skill level 15 in Maces & Flails
 11146 | D:12     | Reached skill level 1 in Ice Magic
 12621 | D:13     | Reached ** piety under Ashenzari
 12957 | D:13     | Reached skill level 1 in Conjurations
 13207 | D:14     | Identified Sif Muna's Compilation of Graupel
 13207 | D:14     | Identified Sif Muna's Discourse on Freezing
 13207 | D:14     | Identified Sif Muna's Secrets of Combustion
 13476 | D:14     | Reached skill level 16 in Maces & Flails
 13562 | D:14     | Gained mutation: Your large and strong wings let you fly.
                  | [Gargoyle growth]
 13562 | D:14     | Reached XP level 14. HP: 54/94 MP: 14/14
 13683 | D:14     | Found a gate to the Vaults.
 13706 | D:14     | Reached skill level 5 in Ice Magic
 14437 | D:15     | Entered Level 15 of the Dungeon
 14503 | D:15     | Found a gate leading to a gauntlet.
 14512 | Gauntlet | Entered a Gauntlet
 14512 | Gauntlet | Found a transporter.
 14517 | Gauntlet | Found a transporter.
 14517 | Gauntlet | Found a transporter.
 14518 | Gauntlet | Found a transporter.
 14599 | Gauntlet | Found a transporter.
 14600 | Gauntlet | Found a transporter.
 14606 | Gauntlet | Found a transporter.
 14615 | Gauntlet | Found a transporter.
 14623 | Gauntlet | Reached skill level 5 in Conjurations
 14643 | Gauntlet | Found a transporter.
 14643 | Gauntlet | Found a transporter.
 14654 | Gauntlet | Found a runed translucent gate.
 14654 | Gauntlet | Found a runed translucent gate.
 14654 | Gauntlet | Found a runed translucent gate.
 14656 | Gauntlet | Found a transporter.
 14658 | Gauntlet | Identified the +2 pair of boots of Pride {rC+ Int+6}
 14661 | Gauntlet | Found a transporter.
 14662 | Gauntlet | Found a transporter.
 14692 | Gauntlet | Identified the ring of Uskayaw's Approval {Wiz rN+}
 14706 | Gauntlet | Found a transporter.
 15050 | D:15     | Reached skill level 17 in Maces & Flails
 15054 | D:15     | Found a staircase to the Depths.
 15083 | D:15     | HP: 4/96 [caustic shrike skeleton (14)]
 15660 | D:15     | Noticed Kirke
 15664 | D:15     | Reached XP level 15. HP: 101/101 MP: 15/15
 15756 | D:14     | Identified the cursed ring "Share My Oracle" {rC+, Range,
                  | Bglg} (You found it on level 1 of the Dungeon)
 15866 | D:15     | Killed Kirke
 16262 | Lair:1   | Entered Level 1 of the Lair of Beasts
 16488 | Lair:1   | Reached skill level 1 in Spellcasting
 17134 | Lair:2   | Found a hole to the Spider Nest.
 17189 | Lair:2   | Found a one-way gate to the infinite horrors of the Abyss.
 17189 | Lair:2   | Noticed Errthou's ghost (journeyman MiFi)
 17377 | Lair:2   | Found a staircase to the Swamp.
 17642 | Lair:2   | Found a transporter.
 17712 | Lair:2   | Reached *** piety under Ashenzari
 17803 | Lair:2   | Found a transporter.
 17944 | Lair:3   | Reached skill level 15 in Fighting
 18327 | Lair:3   | Reached **** piety under Ashenzari
 18350 | Lair:3   | Noticed Sonja
 18389 | Lair:3   | Killed Sonja
 18390 | Lair:3   | Reached skill level 5 in Evocations
 19734 | Lair:4   | Found a sparkling altar of Nemelex Xobeh.
 19925 | Lair:5   | Entered Level 5 of the Lair of Beasts
 19951 | Lair:5   | Reached ***** piety under Ashenzari
 20237 | Lair:5   | Found a staircase to the Slime Pits.
 20237 | Lair:5   | Found a viscous altar of Jiyva.
 20363 | Lair:5   | Reached skill level 5 in Spellcasting
 20547 | Lair:5   | Reached XP level 16. HP: 121/121 MP: 30/30
 21445 | Lair:5   | Found a corrupted altar of Lugonu.
 22165 | D:12     | Killed Forip Xumo's ghost
 22598 | Lair:2   | Killed Errthou's ghost
 22757 | Lair:2   | Learned a level 6 spell: Simulacrum
 22963 | Orc:1    | Entered Level 1 of the Orcish Mines
 23389 | Orc:2    | Entered Level 2 of the Orcish Mines
 23417 | Orc:2    | Reached skill level 1 in Necromancy
 23855 | Orc:2    | Found Dewkegub's Antique Weapon Shop.
 23855 | Orc:2    | Found Hesutodag's General Store.
 23856 | Orc:2    | Found Tuwk's Distillery.
 23859 | Orc:2    | Found Niunachu's Weapon Boutique.
 23869 | Orc:2    | Bought 2 potions of berserk rage for 120 gold pieces
 23869 | Orc:2    | Bought a potion of mutation for 96 gold pieces
 23869 | Orc:2    | Bought a potion of mutation for 96 gold pieces
 23873 | Orc:2    | Bought a scroll of poison for 40 gold pieces
 23961 | Orc:2    | Reached skill level 10 in Armour
 24216 | Orc:2    | Found a staircase to the Elven Halls.
 24626 | Spider:1 | Entered Level 1 of the Spider Nest
 25117 | Spider:1 | Reached skill level 5 in Shields
 25316 | Spider:1 | Gained mutation: Armour fits poorly on your strangely
                  | shaped body. [potion of mutation]
 25316 | Spider:1 | Gained mutation: You are partially covered in iridescent
                  | scales. (AC +2) [potion of mutation]
 25317 | Spider:1 | Lost mutation: You are partially covered in iridescent
                  | scales. (AC +2) [potion of mutation]
 25317 | Spider:1 | Lost mutation: Armour fits poorly on your strangely shaped
                  | body. [potion of mutation]
 25317 | Spider:1 | Gained mutation: You are weak. (Str -2) [potion of
                  | mutation]
 25317 | Spider:1 | Gained mutation: Your flesh is heat resistant. (rF+)
                  | [potion of mutation]
 25341 | Spider:1 | Found a transporter.
 25382 | Spider:1 | Found a transporter.
 25629 | Spider:1 | Reached XP level 17. HP: 125/125 MP: 26/30
 28492 | Spider:3 | Reached skill level 5 in Necromancy
 28734 | Spider:4 | Entered Level 4 of the Spider Nest
 28897 | Spider:4 | Noticed Aizul
 28914 | Spider:3 | Killed Aizul
 31229 | Spider:3 | Reached XP level 18. HP: 122/131 MP: 31/31
 31446 | Spider:4 | Identified Roxanne's Lectures on Variation
 31446 | Spider:4 | Noticed Roxanne
 31467 | Spider:4 | Killed Roxanne
 31652 | Spider:4 | Noticed Donald
 31668 | Spider:4 | Killed Donald
 32863 | Spider:4 | Got a gossamer rune of Zot
 32996 | Swamp:1  | Entered Level 1 of the Swamp
 33074 | Swamp:1  | Found a white marble altar of Elyvilon.
 33568 | Swamp:1  | Reached skill level 1 in Throwing
 34407 | Swamp:2  | Noticed a tentacled monstrosity
 34418 | Swamp:2  | Killed a tentacled monstrosity
 34582 | Swamp:2  | Noticed a tentacled monstrosity
 34592 | Swamp:2  | Killed a tentacled monstrosity
 35380 | Swamp:2  | Noticed a tentacled monstrosity
 35383 | Swamp:2  | Reached XP level 19. HP: 123/137 MP: 33/33
 35390 | Swamp:2  | Killed a tentacled monstrosity
 35528 | Swamp:2  | Noticed Nikola
 35550 | Swamp:2  | Killed Nikola
 36490 | Swamp:3  | Paralysed by a fenstrider witch for 4 turns
 36877 | Swamp:3  | Noticed a tentacled monstrosity
 36886 | Swamp:3  | Killed a tentacled monstrosity
 37445 | Swamp:4  | Entered Level 4 of the Swamp
 38183 | Swamp:4  | Identified the ring of Rongaor {rC+ Str+6 Int-2 Dex+7}
 38230 | Swamp:4  | Got a decaying rune of Zot
 38718 | Vaults:1 | Entered Level 1 of the Vaults
 39207 | Vaults:1 | Reached XP level 20. HP: 137/144 MP: 37/37
 39350 | Vaults:1 | Identified the +1 scale mail "Ruseh" {Drain +Inv MP+9
                  | Slay+3}
 40959 | Vaults:2 | Reached skill level 10 in Necromancy
 40959 | Vaults:2 | Reached skill level 10 in Ice Magic
 41978 | Vaults:2 | Found Meed's Distillery.
 41981 | Vaults:2 | Bought a potion of berserk rage for 95 gold pieces
 41981 | Vaults:2 | Bought a potion of resistance for 190 gold pieces
 41981 | Vaults:2 | Bought a potion of resistance for 190 gold pieces
 41981 | Vaults:2 | Bought a potion of curing for 57 gold pieces
 41981 | Vaults:2 | Bought a potion of curing for 57 gold pieces
 41981 | Vaults:2 | Bought a potion of might for 76 gold pieces
 42175 | Vaults:2 | Noticed Frederick
 42380 | Vaults:2 | Killed Frederick
 43320 | Vaults:2 | Found Siguculada's Armour Shop.
 43580 | Vaults:2 | Learned a level 6 spell: Iron Shot
 43616 | Vaults:2 | Reached skill level 1 in Earth Magic
 43704 | Vaults:2 | Reached XP level 21. HP: 148/148 MP: 38/38
 43950 | Vaults:3 | Found Bere's Antique Armour Shoppe.
 44012 | Vaults:3 | Reached skill level 5 in Earth Magic
 44731 | Vaults:3 | Found a staircase to the Crypt.
 44731 | Vaults:3 | Found a basalt altar of Yredelemnul.
 44732 | Vaults:3 | Found an ancient bone altar of Kikubaaqudgha.
 44815 | Vaults:3 | Reached skill level 10 in Earth Magic
 46695 | Vaults:4 | Identified the +0 glaive of Impatience {pain, rF+}
 47570 | Vaults:4 | Noticed Sojobo
 47574 | Vaults:4 | Paralysed by an air elemental for 1 turns
 47579 | Vaults:4 | Paralysed by an air elemental for 1 turns
 47583 | Vaults:4 | Killed Sojobo
 47584 | Vaults:4 | Reached XP level 22. HP: 85/155 MP: 35/39
 47591 | Vaults:4 | Reached skill level 15 in Earth Magic
 48368 | Vaults:4 | Found a large runed translucent door.
 48368 | Vaults:4 | Found a large runed translucent door.
 48371 | Vaults:4 | Noticed Quini's ghost (adept DjFE)
 48434 | Vaults:4 | Found Hele's Weapon Boutique.
 48849 | Vaults:4 | Killed Quini's ghost
 48881 | Vaults:4 | Learned a level 2 spell: Blink
 49052 | Depths:1 | Entered Level 1 of the Depths
 49206 | D:15     | Reached skill level 1 in Translocations
 49993 | Depths:1 | Found a gateway to Hell.
 50127 | Depths:1 | Found a portal to a secret trove of treasure.
 50154 | Depths:1 | Reached skill level 10 in Shields
 50731 | Depths:1 | Reached skill level 10 in Spellcasting
 51905 | Depths:2 | Paralysed by a floating eye for 4 turns
 52163 | Depths:2 | Found a one-way gateway to a ziggurat.
 52290 | Depths:2 | Reached skill level 10 in Dodging
 52307 | Depths:2 | Reached skill level 18 in Maces & Flails
 52392 | Depths:2 | Found a one-way gate leading to the halls of Pandemonium.
 52604 | Depths:2 | Learned a level 7 spell: Spellforged Servitor
 52880 | Depths:2 | Reached skill level 1 in Summonings
 52899 | Depths:2 | Found an ancient bone altar of Kikubaaqudgha.
 54472 | Depths:3 | Identified the +6 giant club of the Warrior-Mage {freeze,
                  | Dex+3 Stlth+}
 54472 | Depths:3 | Identified the +5 giant club of the Fortifying Coward
                  | {vamp, Will++ SInv}
 55766 | Depths:3 | Reached skill level 5 in Summonings
 55911 | Depths:3 | Reached XP level 23. HP: 141/164 MP: 42/42
 56660 | Depths:3 | Found a radiant altar of Vehumet.
 56660 | Depths:3 | Noticed the Enchantress
 56673 | Depths:3 | Killed the Enchantress
 56674 | Depths:3 | Reached skill level 19 in Maces & Flails
 58046 | Depths:4 | Entered Level 4 of the Depths
 58346 | Depths:4 | Noticed Margery
 58376 | Depths:4 | Killed Margery
 58925 | Depths:4 | Noticed a golden dragon
 58943 | Depths:4 | Killed a golden dragon
 60162 | Depths:4 | Found a gate to the Realm of Zot.
 60529 | Elf:1    | Entered Level 1 of the Elven Halls
 60753 | Elf:1    | Found a frozen archway.
 60769 | IceCv    | Entered an ice cave
 61359 | IceCv    | Reached skill level 10 in Summonings
 61566 | IceCv    | Noticed a shard shrike
 61587 | IceCv    | Killed a shard shrike
 61712 | IceCv    | Found the +4 skin of Zhor {*Englaciate rC+++ SInv}
 62265 | Elf:1    | Reached XP level 24. HP: 168/170 MP: 42/42
 62900 | Elf:1    | Identified the Directory of Called Bruises
 63424 | D:2      | Bought a book of Touch for 220 gold pieces
 63424 | D:2      | Bought a book of the Spheres for 540 gold pieces
 63432 | D:2      | Learned a level 7 spell: Orb of Destruction
 63437 | D:2      | Learned a level 4 spell: Dispel Undead
 63443 | D:2      | Learned a level 5 spell: Fireball
 64489 | Elf:2    | Found a runed translucent door.
 64515 | Elf:2    | Found a runed translucent door.
 66255 | Elf:3    | Entered Level 3 of the Elven Halls
 66255 | Elf:3    | Identified the +0 ring mail "Roiczay" {Dex+2}
 66507 | Elf:3    | Reached skill level 10 in Conjurations
 66700 | Elf:3    | Found Qeez's Jewellery Boutique.
 67010 | Abyss:3  | Cast into level 3 of the Abyss (a deep elf demonologist)
 67130 | Abyss:3  | Noticed a dread lich
 67144 | Abyss:3  | Killed a dread lich
 67224 | Abyss:3  | Found a corrupted altar of Lugonu.
 67260 | Abyss:3  | Found a corrupted altar of Lugonu.
 67383 | Abyss:3  | Found a corrupted altar of Lugonu.
 67419 | Elf:3    | Escaped the Abyss
 67804 | Elf:3    | Identified the +10 falchion of Karma {speed, *Corrode rC+
                  | Int+4}
 68075 | Elf:3    | Identified the +9 whip of the Demagogue {holy, Fly SInv}
 68087 | Elf:3    | Identified the ring of Pevotil {rF+ rN++ Str+6 Int-3
                  | Slay+3}
 68901 | Elf:3    | Reached XP level 25. HP: 173/175 MP: 25/42
 69092 | Elf:3    | Identified the Folio of Liminal Confrontation
 69101 | Elf:3    | Identified the +1 hand axe of Causality {heavy, *Slow rElec
                  | Str+8}
 69106 | Elf:3    | Identified the Volume of Amassed Conjuration
 69109 | Elf:3    | Found the +8 longbow "Zephyr" {speed, Dex+3 SInv}
 69553 | Slime:1  | Entered Level 1 of the Pits of Slime
 69562 | Lair:5   | Learned a level 5 spell: Freezing Cloud
 69564 | Slime:1  | Gained mutation: You are dopey. (Int -2) [a shining eye]
 69581 | Lair:5   | Reached skill level 1 in Air Magic
 69882 | Slime:1  | Gained mutation: Your body sometimes deteriorates upon
                  | taking damage. [a shining eye]
 69884 | Slime:1  | Gained mutation: You do not regenerate when monsters are
                  | visible. [a shining eye]
 69950 | Slime:1  | Gained mutation: You are clumsy. (Dex -2) [a shining eye]
 71261 | Slime:3  | Paralysed by a floating eye for 2 turns
 71271 | Slime:3  | Paralysed by a floating eye for 4 turns
 71277 | Slime:3  | Reached skill level 5 in Air Magic
 71735 | Slime:5  | Entered Level 5 of the Pits of Slime
 71743 | Slime:5  | Gained mutation: You are very clumsy. (Dex -4) [a shining
                  | eye]
 71809 | Slime:4  | Gained mutation: You are frail. (-10% HP) [a shining eye]
 72159 | Slime:3  | Lost mutation: Your body sometimes deteriorates upon taking
                  | damage. [a shining eye]
 73399 | Slime:5  | Noticed the Royal Jelly
 73420 | Slime:5  | Killed the Royal Jelly
 74066 | Slime:5  | Identified the +3 pair of gloves of the Salmon {*Slow rF+
                  | Str+4 Int+2}
 74067 | Slime:5  | Identified a scroll of acquirement
 74098 | Slime:5  | Identified the +6 rapier of Bright Tender Mercy {drain,
                  | rF+}
 74098 | Slime:5  | Identified the +4 glaive "Muwkutz" {venom, rPois rC- Str+3}
 74259 | Slime:5  | Identified the +4 short sword "Lifebane" {elec, *Noise
                  | Str+2 Int+3 Dex+4}
 74289 | Slime:5  | Acquired a book of Armaments
 74302 | Slime:5  | Learned a level 8 spell: Lehudib's Crystal Spear
 74304 | Slime:5  | Got a slimy rune of Zot
 75298 | D:8      | Lost mutation: Your flesh is heat resistant. (rF+) [potion
                  | of mutation]
 75298 | D:8      | Lost mutation: You are very clumsy. (Dex -4) [potion of
                  | mutation]
 75298 | D:8      | Lost mutation: You are dopey. (Int -2) [potion of mutation]
 75298 | D:8      | Gained mutation: You are very clumsy. (Dex -4) [potion of
                  | mutation]
 75298 | D:8      | Lost mutation: You are very clumsy. (Dex -4) [potion of
                  | mutation]
 75298 | D:8      | Gained mutation: You possess an exceptional clarity of
                  | mind. [potion of mutation]
 75299 | D:8      | Lost mutation: You are frail. (-10% HP) [potion of
                  | mutation]
 75299 | D:8      | Lost mutation: You are clumsy. (Dex -2) [potion of
                  | mutation]
 75299 | D:8      | Gained mutation: You are partially covered in large bone
                  | plates. (SH +4) [potion of mutation]
 75299 | D:8      | Gained mutation: You have a somewhat thin skeletal
                  | structure. (Dex +2, Stealth+) [potion of mutation]
 75300 | D:8      | Lost mutation: You have a somewhat thin skeletal structure.
                  | (Dex +2, Stealth+) [potion of mutation]
 75300 | D:8      | Lost mutation: You possess an exceptional clarity of mind.
                  | [potion of mutation]
 75300 | D:8      | Gained mutation: You expend magic power (3 MP) to
                  | strengthen your wands. [potion of mutation]
 75300 | D:8      | Lost mutation: You expend magic power (3 MP) to strengthen
                  | your wands. [potion of mutation]
 75301 | D:8      | Lost mutation: You are weak. (Str -2) [potion of mutation]
 75301 | D:8      | Lost mutation: You do not regenerate when monsters are
                  | visible. [potion of mutation]
 75301 | D:8      | Gained mutation: You have an increased reservoir of magic.
                  | (+10% MP) [potion of mutation]
 75301 | D:8      | Gained mutation: You have hidden genetic potential. [potion
                  | of mutation]
 75635 | Vaults:5 | Entered Level 5 of the Vaults
 76127 | Vaults:4 | Reached skill level 1 in Stealth
 77137 | Vaults:5 | Noticed an ancient lich
 77145 | Vaults:4 | Killed an ancient lich
 77146 | Vaults:4 | Reached skill level 5 in Stealth
 78122 | Vaults:5 | Reached XP level 26. HP: 142/181 MP: 18/48
 78850 | Vaults:5 | Reached skill level 10 in Stealth
 79277 | Vaults:5 | Identified Vv's Catalogue of the Hyperborean Tropics
 79536 | Vaults:5 | Identified the Codex of Damage and the Birds
 79778 | Vaults:5 | Got a silver rune of Zot
 80278 | Vaults:5 | Identified the Compendium of Teratogeny
 80342 | Vaults:5 | Identified the Directory of Mutagenic Hypothermia
 80370 | Vaults:5 | Identified the +2 short sword of Patterns {flame, rPois rF+
                  | Int+3}
 80919 | Vaults:5 | Identified the ring "Coapp" {Ice Str+4}
 81625 | Zot:1    | Entered Level 1 of the Realm of Zot
 81738 | Hell     | Entered the Vestibule of Hell
 81738 | Hell     | Noticed Geryon
 81769 | Depths:4 | Reached skill level 20 in Maces & Flails
 81898 | Hell     | Killed Geryon
 82111 | Hell     | Noticed Murray
 82256 | Depths:4 | Killed Murray
 83563 | Hell     | Found a gateway to the ashen valley of Gehenna.
 83845 | Hell     | Found a gateway to the Iron City of Dis.
 83869 | Hell     | Gained mutation: You have great hidden genetic potential.
                  | [hidden potential]
 84251 | Hell     | Found a gateway to the decaying netherworld of Tartarus.
 84411 | Hell     | Found a gateway to the freezing wastes of Cocytus.
 84711 | Crypt:1  | Entered Level 1 of the Crypt
 84808 | Vaults:3 | Bought a glowing cloak for 270 gold pieces
 87540 | Crypt:2  | Identified the +1 robe of Fedhas's Generosity {Will++
                  | Dex+3}
 87660 | Crypt:2  | Identified the +2 pair of boots of the Trout {rPois rF+ rC+
                  | Str+3}
 88107 | Crypt:3  | Entered Level 3 of the Crypt
 88185 | Crypt:3  | Reached XP level 27. HP: 186/188 MP: 48/48
 88271 | Crypt:3  | Reached skill level 5 in Fire Magic
 89003 | Crypt:3  | Noticed Xtahua
 89009 | Crypt:3  | Paralysed by Xtahua for 5 turns
 89011 | Crypt:3  | Killed Xtahua
 89105 | Crypt:3  | Found a staircase to the Tomb.
 89618 | Crypt:3  | Found a basalt altar of Yredelemnul.
 89624 | Crypt:3  | Reached skill level 15 in Armour
 89928 | Crypt:3  | Found the +5 scythe "Finisher" {speed, eviscerate}
 89931 | Crypt:3  | Identified the +9 dagger "Niunit" {heavy, rElec rPois Int+3
                  | Dex-2}
 89987 | Crypt:3  | Identified the amulet of Leaves {Faith rPois}
 89989 | Crypt:3  | Identified the ring "Gefeh" {rF+ rC+ Str-2 Int+3 SInv}
 90165 | Crypt:3  | Identified the Secrets of Execration
 90623 | Tomb:1   | Entered Level 1 of the Tomb of the Ancients
 90908 | Tomb:1   | Paralysed by a sphinx for 3 turns
 90911 | Tomb:1   | Gained mutation: Your movements are slightly less
                  | encumbered by armour. (ER -2) [hidden potential]
 90911 | Tomb:1   | Lost mutation: You have great hidden genetic potential.
                  | [hidden potential expressed]
 90920 | Tomb:1   | Paralysed by a sphinx for 2 turns
 90956 | Tomb:1   | Noticed a royal mummy
 90956 | Tomb:1   | Noticed a royal mummy
 90961 | Tomb:1   | Noticed a royal mummy
 90969 | Tomb:1   | Killed from afar by a royal mummy

Illustrated notes

Levels and vault maps discovered:
D:1:      lightli_arrival_chessboard, layout_rooms, due_unseen_surprise
D:2:      layout_basic, serial_shops, shop_fountains, shop, shop
D:3:      layout_basic, mainiacjoe_overflow_tiny_flanked,
          nicolae_uskayaw_dance_hall, kennysheep_decorative_pillar
D:4:      layout_rooms, trog_butcher_becter, minivault_11, uniq_eustachio
D:5:      layout_loops_corners, nicolae_sif_muna_little_library,
          pdpol_wu_jian_five_deadly_venoms
D:6:      layout_loops_ring, kennysheep_mini, zin_treasury, uniq_pikel
D:7:      layout_loops_cross, old_standard_altar,
          minmay_temple_entry_statues_fountains
D:8:      layout_loops_ring, overflow_temple_1_default, hangedman_ru_absence,
          minmay_lair_entry_grove, serial_ice, serial_ice_h, serial_ice_a,
          serial_ice_j, serial_ice_b, serial_ice_e, serial_ice_d, serial_ice_m,
          hellmonk_guarded_unrand_night, uniq_maurice
D:9:      layout_basic, minmay_three_doors
D:10:     layout_irregular_city, mainiacjoe_overflow_24_doors, uniq_urug
D:11:     layout_basic, minmay_orc_entry_guard_dogs,
          fedhas_bush_and_centaur_altar
D:12:     minmay_expanding_squares, layout_loops_cross,
          gammafunk_ghost_wrathful_warriors, uniq_josephine
D:13:     layout_basic
D:14:     layout_loops_cross, lightli_vaults_fourway_checkpoint,
          minmay_misc_feat_chi
D:15:     gammafunk_depths_entry_grave, layout_rooms, gauntlet_entry_generic,
          uniq_kirke
Temple:   hellmonk_temple_divided_pantheon
Lair:1:   layout_chaotic_city, dreamdust_deal_with_the_devil, st_stairs_13,
          grunt_megastairs_5
Lair:2:   layout_gridlike, swamp_mist, spider_nest_entry_webs,
          gammafunk_ghost_abyssal_escape, lemuel_fruit_tree
Lair:3:   layout_cave_pods, infiniplex_staircase_pool_2, uniq_sonja
Lair:4:   layout_cave_pods, basic_altar, serial_bayou_shore_a
Lair:5:   hellmonk_lair_end_abyssal_woods, layout_small_grid,
          minmay_slime_entry_jelly_boxes
Swamp:1:  layout_basic_swamp, nicolae_swamp_godswood, swamp_pool1
Swamp:2:  nzn_winding_woodlands_cross [nzn_winding_woodlands_5x15_longhouse,
          nzn_winding_woodlands_5x15_pockets, nzn_winding_woodlands_5x15_pool,
          nzn_winding_woodlands_5x15_concentric,
          nzn_winding_woodlands_15x15_thick_spiral], layout_basic_swamp,
          serial_swamp_ruin, evilmike_swamp_ruin_house_3,
          evilmike_swamp_ruin_rubble_1, hangedman_swamp_double_dragon,
          uniq_nikola
Swamp:3:  layout_basic_swamp, evilmike_swamp_ruin_house_6, swamp_pool2,
          hangedman_swamp_dais
Swamp:4:  swamp_alternative, layout_basic_swamp
Spider:1: gammafunk_sealed_arena
Spider:2: layout_cave_pods, nicolae_spider_circle_web, drop_trap
Spider:3: nicolae_spider_corner, nicolae_spider_swamp_cousins
Spider:4: guppyfry_spider_rune, uniq_donald, uniq_roxanne, uniq_aizul
Slime:1:  layout_caves
Slime:2:  layout_caves
Slime:3:  layout_caves
Slime:4:  layout_caves
Slime:5
Orc:1:    layout_caves, basic_altar
Orc:2:    st_orc_mages, layout_caves
Elf:1:    elf_arrival_001, layout_geoelf_octagon,
          portal_ice_cave_entry_ice_statue_one, minmay_elf_sorcery,
          minmay_checkered_concentric_circles
Elf:2:    elven_hall_of_blades_hangedman_original
          [nicolae_blade_entry_splitting_headache], layout_loops_corners,
          nrook_uturn
Elf:3:    elf_hall, layout_onion_city, serial_shops, shop_statue
Vaults:1: vaults_room_boxed, v_misc_33, st_octagons_1, v_misc_11, v_misc_2,
          v_alt_pattern_5, v_pattern_4, ontoclasm_vaults_twist, v_misc_15,
          v_alt_pattern_3, ontoclasm_vaults_ligature, nicolae_vaults_gold_heap,
          layout_vaults_ring
Vaults:2: vaults_dpeg_doors, dpeg_vaults_monster_box, kb_rosetta,
          hangedman_vaults_pinch, v_alt_pattern_2,
          nicolae_vaults_network_periphery, nicolae_vaults_diagonal_hallway_9,
          ontoclasm_vaults_gateway, hangedman_vaults_trim, vaults_mumra_chevron,
          v_misc_32, vaults_dpeg_cross, layout_vaults_maze_bifur, serial_shops,
          nicolae_shop_behind_doors, uniq_frederick
Vaults:3: v_pattern_5, vaults_room_corners, nicolae_vaults_circle_grid_a,
          nicolae_vaults_three_branches, vaults_dpeg_diagonal,
          hangedman_vaults_snaps, minmay_crypt_entry_necro_gods,
          vaults_standard_mumra_lines, hangedman_vaults_capsules,
          ontoclasm_vaults_shuriken, ontoclasm_vaults_pinch, dpeg_vaults_waves,
          layout_vaults_omnibox, serial_shops, nicolae_shop_waterfront
Vaults:4: ebering_ghost_disaster_area, hangedman_vaults_slice,
          nicolae_vaults_inception_statues, nicolae_vaults_ninety_degrees,
          grunt_vaults_swirl, nicolae_vaults_network_square, vaults_dpeg_spiral,
          v_misc_22, v_alt_pattern_1, nicolae_vaults_mini_display_case,
          vaults_room_door_ring, vaults_dpeg_hooks, layout_vaults_omnicross,
          serial_shops, shop, uniq_sojobo
Vaults:5
Crypt:1:  layout_catacombs, lemuel_hellish_altar
Crypt:2:  layout_basic, grunt_megastairs_4
Crypt:3:  church_of_pain_bobbens, layout_chaotic_city,
          nicolae_tomb_entry_rubble_hallway, uniq_xtahua
Tomb:1
Depths:1: layout_cave_shapes, pf_hell_entry_tar_river,
          nicolae_trove_entry_free_sample, kennysheep_inner_square
Depths:2: cheibrodos_salmonella, layout_gridlike, enter_ziggurat_b,
          hangedman_coc_ice_floe, rand_demon_pan_entry_8,
          kiku_gazebo_pond_becter
Depths:3: grunt_forest_end_shrine, layout_cave_pools, abyss_entry_glasseish,
          reono_crystal_passage, pf_hell_entry_great_geh,
          infiniplex_staircase_zigzag_2
Depths:4: evilmike_zot_entry_basic, layout_gridlike, grunt_metal_band,
          minmay_misc_feat_pillars, uniq_josephina
Hell
Zot:1:    layout_twisted_circle, gammafunk_ghost_mausoleum, st_stairs_4, uniq_vv

Skill      XL: |  1  2  3  4  5  6  7  8  9 10 11 12 13 14 15 16 17 18 19 20 21 22 23 24 25 26 27 |
---------------+----------------------------------------------------------------------------------+-----
Fighting       | 4 5 6 8 9 10 12 13 14 15 16 17 19 | 19.0
Armour         | 4 5 6 8 9 10 12 13 15 | 15.8
Maces & Flails | 3 4 5 7 9 11 12 14 16 17 18 19 20 | 20.8
Evocations     | 1 3 6 7 |  7.9
Dodging        | 3 5 8 9 10 | 10.0
Fire Magic     | 1 2 4 9 |  9.2
Ice Magic      | 4 6 8 12 | 12.1
Conjurations   | 3 6 7 12 14 | 14.7
Spellcasting   | 5 6 9 10 12 | 12.3
Necromancy     | 3 5 7 9 11 | 11.5
Shields        | 6 8 9 10 | 10.9
Throwing       | 3 |  3.7
Earth Magic    | 2 14 15 | 15.5
Translocations | 3 |  3.3
Summonings     | 5 11 14 | 14.1
Air Magic      | 7 |  7.8
Stealth        | 8 10 | 10.9

Action                     |  1- 3 |  4- 6 |  7- 9 | 10-12 | 13-15 | 16-18 | 19-21 | 22-24 | 25-27 || total
---------------------------+-------+-------+-------+-------+-------+-------+-------+-------+-------++-------
  Melee: Flail             |    71 |   175 |   304 |       |       |       |       |       |       ||   550
         Morningstar       |       |       |    65 |   499 |   929 |  1553 |  1215 |  1372 |  1584 ||  7217
         Unarmed           |       |       |       |       |     6 |       |       |       |       ||     6
  Throw: Throwing net      |       |       |       |     2 |       |       |       |       |       ||     2
   Cast: Frozen Ramparts   |       |       |       |       |     2 |    40 |    12 |    23 |    10 ||    87
         Simulacrum        |       |       |       |       |       |     2 |   100 |    72 |       ||   174
         Iron Shot         |       |       |       |       |       |       |    11 |   214 |   218 ||   443
         Spellforged Servi |       |       |       |       |       |       |       |    34 |    74 ||   108
         Blink             |       |       |       |       |       |       |       |     2 |     1 ||     3
         Freezing Cloud    |       |       |       |       |       |       |       |       |    40 ||    40
         Fireball          |       |       |       |       |       |       |       |       |    25 ||    25
         Orb of Destructio |       |       |       |       |       |       |       |       |     1 ||     1
 Invoke: Curse Item        |       |       |       |     2 |     7 |     2 |       |     2 |       ||    13
         Shatter the Chain |       |       |       |       |     1 |     1 |     3 |       |     2 ||     7
  Evoke: Wand              |       |     3 |     1 |    33 |    17 |    20 |    15 |    48 |     8 ||   145
         Lightning rod     |       |       |       |       |       |     1 |     2 |       |     2 ||     5
         Condenser vane    |       |       |       |       |       |       |       |     1 |     2 ||     3
    Use: Scroll            |     1 |     5 |     6 |    12 |     5 |     4 |     9 |    11 |    13 ||    66
         Potion            |       |       |     1 |     5 |     2 |     8 |     7 |    10 |    21 ||    54
   Stab: Invisible         |       |     2 |       |    10 |     1 |     2 |     1 |       |       ||    16
         Paralysed         |       |       |       |     2 |    12 |     1 |     1 |       |       ||    16
         Petrified         |       |       |       |       |       |    13 |       |       |       ||    13
         Petrifying        |       |       |       |       |       |     1 |       |       |       ||     1
         Distracted        |       |       |       |       |       |       |     6 |     8 |    13 ||    27
         Sleeping          |       |       |       |       |       |       |       |       |     6 ||     6
 Armour: Scale mail        |    47 |     9 |       |    82 |   497 |   936 |   202 |       |       ||  1773
         Chain mail        |       |   101 |   224 |   202 |       |       |   586 |    15 |       ||  1128
         Robe              |       |       |       |       |       |       |       |   248 |       ||   248
         Acid dragon scale |       |       |       |       |       |       |       |   299 |   985 ||  1284
  Dodge: Dodged            |    44 |    59 |    97 |   198 |   440 |   801 |   626 |   764 |  1011 ||  4040
         Repelled          |       |       |       |     1 |     6 |     6 |     7 |       |       ||    20
  Block: Buckler           |    13 |    32 |   155 |   286 |   468 |   267 |       |       |       ||  1221
         Reflection        |       |       |     8 |    28 |    50 |    11 |    66 |    83 |    22 ||   268
         Kite shield       |       |       |       |       |       |  1252 |  1209 |  1308 |  2155 ||  5924

Table legend: (Time is in decaauts)
 A = Elapsed time spent in this place.
 B = Non-inter-level travel time spent in this place.
 C = Inter-level travel time spent in this place.
 D = Time resting spent in this place.
 E = Time spent auto-exploring this place.
 F = Levels seen in this place.
 G = Mean time per level.
                   A        B        C        D        E       F      G
               +--------+--------+--------+--------+--------+-----+--------+
         Total |  89896 |  83666 |   6230 |  28538 |  40070 |  57 | 1577.1 |
       Dungeon |  18228 |  15578 |   2650 |   3434 |   9009 |  15 | 1215.2 |
        Temple |     57 |     57 |      0 |      0 |      0 |   1 |   57.0 |
          Lair |   7152 |   6437 |    715 |   1096 |   4319 |   5 | 1430.4 |
         Swamp |   5377 |   5241 |    136 |   1604 |   2700 |   4 | 1344.2 |
   Spider Nest |   7739 |   7565 |    174 |   3346 |   2870 |   4 | 1934.8 |
    Slime Pits |   5212 |   5053 |    159 |   2858 |   1396 |   5 | 1042.4 |
  Orcish Mines |   1558 |   1350 |    208 |    194 |    819 |   2 |  779.0 |
   Elven Halls |   6469 |   6148 |    321 |   2064 |   2914 |   3 | 2156.3 |
        Vaults |  16514 |  15527 |    987 |   5833 |   7319 |   5 | 3302.8 |
         Crypt |   5014 |   4806 |    208 |    830 |   2813 |   3 | 1671.3 |
          Tomb |    345 |    345 |      0 |    135 |     47 |   1 |  345.0 |
        Depths |  12917 |  12259 |    658 |   6438 |   4316 |   4 | 3229.2 |
          Hell |   1235 |   1226 |      9 |    244 |    671 |   1 | 1235.0 |
           Zot |     81 |     81 |      0 |      0 |      0 |   1 |   81.0 |
         Abyss |    381 |    381 |      0 |      6 |    148 |   1 |  381.0 |
      Ice Cave |   1103 |   1103 |      0 |    257 |    578 |   1 | 1103.0 |
      Gauntlet |    507 |    507 |      0 |    196 |    150 |   1 |  507.0 |
               +--------+--------+--------+--------+--------+-----+--------+

Top non-repeatable levels by time:
Vaults:4: 5843 daAuts
Depths:2: 5306 daAuts
Depths:4: 3786 daAuts
Spider:3: 3696 daAuts
Vaults:2: 2891 daAuts
Vaults:3: 2754 daAuts
   Elf:2: 2735 daAuts
Vaults:5: 2574 daAuts
Vaults:1: 2450 daAuts
Depths:1: 2392 daAuts
  Lair:5: 2349 daAuts
 Swamp:2: 2325 daAuts
 Slime:5: 2300 daAuts
    D:12: 2205 daAuts
 Crypt:3: 2116 daAuts
